 Dungeon Crawl Stone Soup version 0.17.1-3-g152610e (webtiles) character file.

450 sveltemanboy the Ducker (level 6, -1/48 HPs)
             Began as a Demonspawn Monk on Apr 13, 2016.
             Slain by an ogre
             ... wielding a +0 giant spiked club
              (2 damage)
             ... on level 4 of the Dungeon.
             The game lasted 00:08:29 (4186 turns).

sveltemanboy the Ducker (Demonspawn Monk)           Turns: 4186, Time: 00:08:29

Health: -1/48      AC:  9    Str: 12    XL:     6   Next: 74%
Magic:  6/6        EV: 13    Int: 13    God:
Gold:   232        SH:  0    Dex: 15    Spells: 0 memorised, 5 levels left

rFire  . . .     SeeInvis .       - Unarmed
rCold  + . .     Clarity  .     e - +1 ring mail {rC+}
rNeg   . . .     SustAt   .     (no shield)
rPois  .         Gourm    .     (helmet restricted)
rElec  .         Spirit   .     (no cloak)
rCorr  .         Warding  .     (no gloves)
rMut   .         Stasis   .     d - +0 pair of boots
MR     .....                    (no amulet)
Stlth  ++........               (no ring)
                                j - +1 ring of protection

@: not resistant to hostile enchantments, unstealthy
A: horns 1, icy blue scales 1, nightstalker 1, slow regeneration 1
a: no special abilities


You were on level 4 of the Dungeon.
You were not hungry.

You visited 1 branch of the dungeon, and saw 4 of its levels.

You collected 232 gold pieces.

Inventory:

Armour
 d - a +0 pair of boots (worn)
 e - a +1 ring mail of cold resistance (worn)
Jewellery
 j - a +1 ring of protection (left hand)
Wands
 a - a wand of digging (15)
 f - a wand of frost (17)
Scrolls
 c - a scroll of random uselessness {unknown}
 g - 2 scrolls of fog {unknown}
 k - a scroll of remove curse {unknown}
 m - a scroll of noise {unknown}
 n - 2 scrolls of amnesia {unknown}
 o - a scroll of teleportation {unknown}
 p - 3 scrolls of identify {unknown}
 r - a scroll of magic mapping {unknown}
Potions
 h - a potion of haste
Comestibles
 b - 3 bread rations
 i - 2 meat rations
 l - a beef jerky


   Skills:
 - Level 4.0 Fighting
   Level 0.5 Short Blades
 - Level 3.6 Armour
 - Level 5.0 Dodging
 + Level 2.1 Stealth
 + Level 3.6 Unarmed Combat


You had 5 spell levels left.
You didn't know any spells.

Dungeon Overview and Level Annotations

Branches:
Dungeon (4/15)
 Temple: D:4-7

Altars:
Nemelex Xobeh
Trog


Innate Abilities, Weirdness & Mutations

You have a pair of small horns on your head.
You are partially covered in icy blue scales (AC +1).
You are slightly more attuned to the shadows.
You regenerate slowly when monsters are visible.


Message History

You kill the quokka!
There is a stone staircase leading down here.
You climb downwards.
Found a short iron wand.
There is a stone staircase leading up here.
a - a wand of digging An ogre comes into view.
It is wielding a giant spiked club.
The ogre shouts!
You see here a blue potion.
You hit the ogre but do no damage.
The ogre hits you with a giant spiked club.
You completely miss the ogre. The ogre misses you.
The ogre hits you with a giant spiked club!!
Ouch! That really hurt!
The ogre completely misses you.
The ogre hits you with a giant spiked club!
* * * LOW HITPOINT WARNING * * *
The ogre hits you with a giant spiked club.
You die...

#<......#
#######.#
#.# #.#
#.# #.#
#.#
#.###!#
#..O@.#
#######


You could see an ogre.

Vanquished Creatures
  Grinder (D:3)
  Ijyb (D:2)
  Jessica (D:2)
  Terence (D:2)
  Natasha (twice) (D:2)
  6 adders
  An ooze (D:1)
  3 worms
  A giant gecko (D:1)
  7 bats
  5 giant cockroaches
  9 goblins
  7 hobgoblins
  6 jackals
  4 ball pythons
  4 giant newts
  9 kobolds
  6 quokkas
  10 rats
84 creatures vanquished.

Notes
Turn   | Place    | Note
--------------------------------------------------------------
     0 | D:1      | sveltemanboy the Demonspawn Monk began the quest for the Orb.
     0 | D:1      | Reached XP level 1. HP: 18/18 MP: 1/1
   207 | D:1      | Gained mutation: You are partially covered in icy blue scales (AC +1). [demonic ancestry]
   207 | D:1      | Reached XP level 2. HP: 21/24 MP: 2/2
   952 | D:2      | Reached skill level 1 in Armour
   952 | D:2      | Reached XP level 3. HP: 19/29 MP: 3/3
  1057 | D:2      | Noticed Terence
  1274 | D:2      | Gained mutation: You regenerate slowly when monsters are visible. [potion of mutation]
  1274 | D:2      | Gained mutation: Your spells are a little easier to cast, but a little less powerful. [potion of mutation]
  1274 | D:2      | Lost mutation: Your spells are a little easier to cast, but a little less powerful. [potion of mutation]
  1288 | D:2      | Killed Terence
  1288 | D:2      | Reached XP level 4. HP: 23/37 MP: 4/4
  2139 | D:2      | Noticed Jessica
  2185 | D:2      | Killed Jessica
  2185 | D:2      | Reached skill level 4 in Fighting
  2348 | D:2      | Gained mutation: You have a pair of small horns on your head. [demonic ancestry]
  2348 | D:2      | Reached XP level 5. HP: 42/42 MP: 5/5
  2353 | D:2      | Noticed Ijyb
  2359 | D:2      | Noticed Natasha
  2383 | D:2      | Killed Natasha
  2403 | D:2      | Killed Ijyb
  2762 | D:2      | Noticed Natasha
  2766 | D:2      | Killed Natasha
  2886 | D:3      | Noticed Grinder
  2889 | D:3      | Paralysed by Grinder for 5 turns
  2915 | D:3      | Killed Grinder
  2915 | D:3      | Reached skill level 5 in Dodging
  2915 | D:3      | Gained mutation: You are slightly more attuned to the shadows. [demonic ancestry]
  2915 | D:3      | Reached XP level 6. HP: 32/48 MP: 6/6
  3276 | D:3      | Noticed a moth of wrath
  3296 | D:3      | Found a sparkling altar of Nemelex Xobeh.
  3367 | D:3      | Found a bloodstained altar of Trog.
  4184 | D:4      | HP: 1/48 [ogre/giant spiked club (17)]
  4186 | D:4      | Slain by an ogre

Action                   |  1- 3 |  4- 6 || total
-------------------------+-------+-------++-------
Melee: Unarmed           |   124 |   180 ||   304
       Dagger            |       |   129 ||   129
  Use: Potion            |     2 |     2 ||     4
 Stab: Sleeping          |     2 |     6 ||     8
  Eat: Chunk             |     1 |    10 ||    11
